 Dungeon Crawl Stone Soup version 0.25-a0-246-g58704a1ebd (webtiles) character file.

Game seed: 11035165154565126688, levelgen mode: deterministic

25 floatRand the Chopper (level 2, 0/24 HPs)
             Began as a Demonspawn Monk on Dec 3, 2019.
             Slain by a bat (1 damage)
             ... on level 2 of the Dungeon.
             The game lasted 00:00:46 (439 turns).

floatRand the Chopper (Demonspawn Monk)              Turns: 439, Time: 00:00:47

Health: 0/24       AC:  8    Str: 11    XL:     2   Next: 86%
Magic:  2/2        EV: 11    Int: 11    God:
Gold:   18         SH:  0    Dex: 20    Spells: 1/1 levels left

rFire    . . .     SeeInvis .   a - +0 hand axe
rCold    . . .     Gourm    .   (no shield)
rNeg     . . .     Faith    .   e - +0 chain mail
rPois    .         Spirit   .   (no helmet)
rElec    .         Reflect  .   (no cloak)
rCorr    .         Harm     .   (no gloves)
MR       .....                  (no boots)
Stlth    ..........             (no amulet)
HPRegen  0.08/turn              (no ring)
MPRegen  0.08/turn              (no ring)

@: agile, lethally poisoned (0 -> -2)
A: rot immunity
a: no special abilities


You were on level 2 of the Dungeon.
You were not hungry.

You visited 1 branch of the dungeon, and saw 2 of its levels.

You collected 18 gold pieces.

Inventory:

Hand Weapons
 a - a +0 hand axe (weapon)
Armour
 b - a +0 robe
 e - a +0 chain mail (worn)
Scrolls
 d - a scroll of fear {unknown}
 g - 2 scrolls of identify {unknown}
Comestibles
 c - a ration


   Skills:
 - Level 3.0 Fighting
 * Level 3.4 Axes
 + Level 1.0 Armour
 - Level 2.7 Dodging
 - Level 1.7 Stealth


You had one spell level left.
You didn't know any spells.
Your spell library was empty.

Dungeon Overview and Level Annotations

Branches:
Dungeon (1/15)

Altars:


Innate Abilities, Weirdness & Mutations

You are immune to rotting.


Message History

Your Armour skill increases to level 1!
* * * LOW HITPOINT WARNING * * *
You feel sick.
You closely miss the jackal. The jackal closely misses you.
Unknown command.
You hit the jackal.
You kill the jackal!
The bat hits you but does no damage. The bat barely misses you.
Things that are here:
a jackal corpse x2
* * * LOW HITPOINT WARNING * * *
You feel sick. The bat hits you but does no damage.
The bat completely misses you.
You barely miss the bat. The bat hits you but does no damage.
There is a lethal amount of poison in your body!
* * * LOW HITPOINT WARNING * * *
You feel sick. The bat hits you but does no damage. The bat hits you.
You die...

#..........#
#.########.#
#.# #.# #.#
#.# #.# ...
#.# #.# #†# #
...
.#.#.##.#.#.#
#.#
.......@....#
...
.#.#.##b#.#.#
.. #..... #.
##...... #
.......
.......
######.


You could see a bat.

Vanquished Creatures
  An adder (D:2)
  2 giant cockroaches (D:1)
  3 jackals (D:2)
  A ball python (D:1)
  2 bats (D:1)
  A frilled lizard (D:1)
  2 goblins (D:1)
  3 kobolds (D:1)
  3 rats (D:1)
18 creatures vanquished.

Notes
Turn   | Place    | Note
-------+----------+-------------------------------------------
     0 | D:1      | floatRand the Demonspawn Monk began the quest for the Orb.
     0 | D:1      | Reached XP level 1. HP: 18/18 MP: 1/1
   313 | D:1      | Gained mutation: You are immune to rotting. [demonic
                  | ancestry]
   313 | D:1      | Reached XP level 2. HP: 24/24 MP: 2/2
   384 | D:1      | You fall into a shaft and drop 1 floor!
   431 | D:2      | Reached skill level 1 in Armour
   438 | D:2      | HP: 1/24 [poisoned by an adder]
   439 | D:2      | Slain by a bat

Levels and vault maps discovered:
D:1:      psy_arrival_fountain, layout_basic, columned_hall_lemuel,
          kennysheep_boxes
D:2:      layout_loops_ring, xom_teletrap_fun,
          nemelex_xobeh_ov_fountains_minmay, first_ration,
          chequers_ecumenical_altar_twisty

Skill      XL: |  1  2 |
---------------+-------+-----
Axes           | 3 |  3.4
Armour         | 1 |  1.0
Fighting       | |  3.0
Dodging        | |  2.7
Stealth        | |  1.7

Action                   || total
-------------------------++-------
Melee: Hand axe          ||    70
  Use: Potion            ||     1
Armor: Robe              ||     5
       Chain mail        ||    36
Dodge: Dodged            ||    45

Table legend:
 A = Non-vault XP
 B = Vault XP
 C = Vault XP percentage of total XP
 D = Non-vault monster count
 E = Vault monster count
 F = Vault count percentage of total count
                 A         B        C        D         E       F
            +---------+---------+-------+---------+---------+-------
      Total |      37 |       0 |   0.0 |      18 |       0 |   0.0
            +---------+---------+-------+---------+---------+-------
        D:1 |      17 |       0 |   0.0 |      14 |       0 |   0.0
        D:2 |      20 |       0 |   0.0 |       4 |       0 |   0.0
            +---------+---------+-------+---------+---------+-------
